 Dungeon Crawl Stone Soup version 0.27-a0-1529-g1e82c303ef (webtiles) character file.

Game seed: 462079100125504923

17875 Demosthentine the Spear-Bearer (level 12, -6/100 HPs)
             Began as a Merfolk Gladiator on July 11, 2021.
             Was an Elder of the Shining One.
             Mangled by a cyclops (17 damage)
             ... on level 12 of the Dungeon.
             The game lasted 00:11:33 (12902 turns).

Demosthentine the Spear-Bearer (Merfolk Gladiator) Turns: 12902, Time: 00:11:33

Health: -6/100     AC: 12    Str: 22    XL:     12   Next: 52%
Magic:  17/17      EV: 21    Int: 12    God:    the Shining One [****..]
Gold:   427        SH:  0    Dex: 20    Spells: 11/11 levels left

rFire    . . .     SeeInvis .   a - +1 trident (freeze)
rCold    + . .     Faith    .   (no shield)
rNeg     + + .     Spirit   .   j - +1 leather armour {rF+}
rPois    +         Reflect  .   K - +1 helmet of the Shoals {rElec rPois rCorr Dex-2}
rElec    +         Harm     .   b - +1 cloak
rCorr    +         Rampage  .   n - +2 pair of gloves
Will     .....                  (no boots)
Stlth    +.........             (no amulet)
HPRegen  0.26/turn              L - ring "Uffun" {Ice Str+5 Int+5 Dex+4}
MPRegen  0.15/turn              l - +4 ring of slaying

@: glowing
A: (nimble swimmer 2), mertail
a: Renounce Religion, Divine Shield, Cleansing Flame


You were on level 12 of the Dungeon.
You worshipped the Shining One.
The Shining One was greatly pleased with you.
You visited 2 branches of the dungeon, and saw 13 of its levels.
You also visited: Gauntlet.

You collected 537 gold pieces.
You spent 110 gold pieces at shops.

Inventory:

Hand Weapons
 a - a +1 trident of freezing (weapon)
Armour
 b - a +1 cloak (worn)
 j - a +1 leather armour of fire resistance (worn)
 n - a +2 pair of gloves (worn)
 K - the +1 helmet of the Shoals (worn) {rElec rPois rCorr Dex-2}
   (You found it in a Gauntlet)

   Dex:       It affects your dexterity (-2).
   rElec:     It insulates you from electricity.
   rPois:     It protects you from poison.
   rCorr:     It protects you from acid and corrosion.
Jewellery
 l - a +4 ring of slaying (right hand)
 q - a ring of flight
 L - the ring "Uffun" (left hand) {Ice Str+5 Int+5 Dex+4}
   (You found it in a Gauntlet)

   [ring of ice]

   It enhances your ice magic.
   Str:       It affects your strength (+5).
   Int:       It affects your intelligence (+5).
   Dex:       It affects your dexterity (+4).
   rF:        It makes you vulnerable to fire.
   rC:        It protects you from cold.
Wands
 d - a wand of charming (3)
 i - a wand of mindburst (12)
 m - a wand of iceblast (7)
 p - a wand of flame (59)
 s - a wand of acid (9)
 D - a wand of digging (12)
 F - a wand of paralysis (24)
Scrolls
 e - 4 scrolls of identify
 g - 3 scrolls of immolation
 t - 2 scrolls of enchant weapon
 u - a scroll of magic mapping
 v - 5 scrolls of teleportation
 C - 2 scrolls of enchant armour
 H - 2 scrolls of fog
 I - a scroll of fear
 J - a scroll of blinking
Potions
 c - 2 potions of ambrosia {unknown}
 h - 2 potions of attraction
 k - 2 potions of curing
 o - a potion of haste
 r - 2 potions of might
 x - a potion of lignification
 z - 3 potions of flight
 A - a potion of mutation
 B - a potion of brilliance
 G - a potion of magic


   Skills:
 + Level 11.2 Fighting
 + Level 14.4 Polearms
 - Level 2.0 Throwing
 - Level 5.5 Armour
 + Level 13.4 Dodging
 + Level 7.6 Invocations


You had 11 spell levels left.
You didn't know any spells.
Your spell library contained the following spells:

 Spells                   Type           Power      Damage    Failure   Level
 Beastly Appendage        Tmut           0%         N/A       36%         1
 Magic Dart               Conj           0%         1d3       36%         1
 Sting                    Tmut/Pois      0%         1d3       36%         1
 Call Imp                 Summ           0%         N/A       50%         2
 Poisonous Vapours        Pois/Air       0%         N/A       50%         2
 Static Discharge         Conj/Air       0%         N/A       50%         2
 Sublimation of Blood     Necr           0%         N/A       50%         2
 Wereblood                Tmut           0%         N/A       50%         2
 Mephitic Cloud           Conj/Pois/Air  0%         N/A       75%         3
 Portal Projectile        Hex/Tloc       0%         N/A       75%         3
 Spider Form              Tmut/Pois      0%         N/A       75%         3
 Dispel Undead            Necr           0%         3d6       98%         4
 Olgreb's Toxic Radiance  Pois           0%         N/A       98%         4
 Sticky Flame             Conj/Fire      0%         2d3       98%         4
 Blade Hands              Tmut           0%         N/A       100%        5
 Excruciating Wounds      Necr           0%         N/A       100%        5
 Summon Hydra             Summ           0%         N/A       100%        7


Dungeon Overview and Level Annotations

Branches:
Dungeon (12/15)            Temple (1/1) D:5            Lair (0/6) D:11
    Orc (0/2) D:9         Gauntlet (visited)

Altars:
Ashenzari
Cheibriados
Dithmenos
Elyvilon
Fedhas
Gozag
Hepliaklqana
Kikubaaqudgha
Makhleb
Nemelex Xobeh
Okawaru
Qazlal
Ru
Sif Muna
Trog
Uskayaw
Vehumet
Wu Jian
Xom
Yredelemnul
Zin
The Shining One

Shops:
D:4 !


Innate Abilities, Weirdness & Mutations

((You are quick and stealthy near water. (Stealth+, EV+, Speed+++)))
Your lower body shifts to a powerful aquatic tail in water.


Message History

The wraith is severely damaged.
The wraith misses you.
You hit the wraith. You freeze the wraith.
The wraith is almost destroyed.
The wraith completely misses you.
You hit the wraith.
The wraith is almost destroyed.
You barely miss the wraith.
The wraith is almost destroyed.
The wraith hits you.
You hit the wraith but do no damage.
The wraith is almost destroyed.
You puncture the wraith!
You destroy the wraith!
The Shining One accepts your kill.
The centaur shoots an arrow.
The arrow closely misses you.
The cyclops throws a large rock.
The large rock hits you!!
* * * LOW HITPOINT WARNING * * *
The centaur unwields a +0 shortbow.
The centaur wields a staff of air.
The centaur closely misses you.
The centaur kicks you but does no damage.
The centaur misses you.
The centaur kicks you but does no damage.
Items here: ( )))))) = ? | †††††.
You puncture the centaur! You freeze the centaur.
The centaur is moderately wounded.
The cyclops closely misses you. The centaur misses you.
The centaur completely misses you.
You puncture the centaur! You freeze the centaur.
You kill the centaur!
Throw: dart (curare)
Press: ? - help, Q - select action, (/) - cycle Shift-Dir - straight line, f - cyclops
Aim: a cyclops, quivering large rocks (haloed, 97% to hit)
You throw a curare-tipped dart.
The curare-tipped dart hits the cyclops.
The cyclops is poisoned.
The cyclops convulses.
The cyclops seems to slow down.
The cyclops is lightly wounded.
A troll comes into view.
The cyclops hits you!
You die...

# #.........# # #.........# #
##.>>......# #
#..........######## #
#..........##.....# # #
##..........##.....###.# ####
#..####.######......... ...#
##.## #)######......#### ##.#
##..#####@##.............. #.##
##..###...|C...............
#..###).###..###'###..#..###'###
##.)..)###.. ..#. ##...##ooo#
##..####.. #..# #. ##.##.o#o#
#.## #. #..# #. ###..##.. .... T
#..# #. #.Cc ... ###..# #.#
#.#c. .... #..# '# #'. .#..


You could see a cyclops (very poisoned, slow) and a troll (wandering).

Vanquished Creatures
  A minotaur (Gauntlet)
  The ghost of Demosthentine the Spear-Bearer, a journeyman MfGl of the Shining One (D:11)
  Snorg (D:10)
  A green death (Gauntlet)
  2 hydras
  A centaur warrior (D:12)
  The ghost of ew1980 the Slasher, a novice HuFi (D:6)
  An ugly thing (D:11)
  A cyclops (D:12)
  A manticore (D:12)
  4 centaur zombies
  A torpor snail (Gauntlet)
  2 orange demons (Gauntlet)
  An efreet (D:12)
  2 queen bees
  2 trolls (D:11)
  A meliai (D:11)
  Grinder (D:4)
  A slime creature (D:12)
  A hornet (D:8)
  A shadow (D:9)
  2 wraiths
  A tarantella (shapeshifter) (D:12)
  11 yaks
  A vampire (D:10)
  2 wyverns
  A vampire mosquito (D:12)
  2 acid dragons
  A water moccasin (D:8)
  2 ice beasts
  3 necrophages
  A hornet zombie (D:6)
  6 orc warriors
  7 centaurs
  2 phantoms (D:5)
  A kobold brigand (D:8)
  A bullfrog (D:6)
  A scorpion (D:5)
  2 water moccasin skeletons (D:5)
  15 killer bees
  5 wights (D:9)
  A howler monkey (D:12)
  A hound (D:5)
  2 jellies (D:6)
  2 bullfrog skeletons
  10 orc priests
  Jessica (D:2)
  An iguana (D:5)
  18 orc wizards
  2 killer bee zombies (D:9)
  A howler monkey zombie (D:9)
  3 adders
  2 shadow imps (D:8)
  2 white imps
  An ufetubus (D:5)
  A worm (D:2)
  4 dart slugs
  49 orcs
  8 endoplasms
  4 giant cockroaches
  8 goblins
  5 hobgoblins
  7 jackals
  3 quokkas
  2 ball pythons
  10 bats
  4 frilled lizards
  7 kobolds
  4 rats
258 creatures vanquished.

Vanquished Creatures (others)
  A kobold (D:2)
  11 demonic plants (Gauntlet)
  14 plants
26 creatures vanquished.

Grand Total: 284 creatures vanquished

Notes
Turn   | Place    | Note
-------+----------+-------------------------------------------
     0 | D:1      | Demosthentine the Merfolk Gladiator began the quest for the
                  | Orb.
     0 | D:1      | Reached XP level 1. HP: 16/16 MP: 1/1
    93 | D:1      | Reached XP level 2. HP: 23/23 MP: 2/2
   739 | D:1      | Reached XP level 3. HP: 23/28 MP: 3/3
  1306 | D:2      | Found a faded altar of an unknown god.
  1375 | D:2      | Reached skill level 5 in Polearms
  1717 | D:2      | Noticed Jessica
  1727 | D:2      | Killed Jessica
  1728 | D:2      | Reached skill level 1 in Armour
  1728 | D:2      | Reached XP level 4. HP: 35/35 MP: 4/4
  1914 | D:2      | Found a white marble altar of Elyvilon.
  2011 | D:2      | Became a worshipper of Elyvilon the Healer
  2278 | D:3      | Reached skill level 5 in Dodging
  2287 | D:3      | Reached XP level 5. HP: 26/41 MP: 5/5
  2570 | D:3      | Noticed a centaur
  2580 | D:3      | Killed a centaur
  2581 | D:3      | Reached skill level 6 in Polearms
  2581 | D:3      | Reached XP level 6. HP: 32/48 MP: 6/6
  2846 | D:3      | Reached * piety under Elyvilon
  3084 | D:4      | Noticed Grinder
  3111 | D:4      | Killed Grinder
  3112 | D:4      | Reached XP level 7. HP: 48/55 MP: 7/7
  3341 | D:4      | Reached ** piety under Elyvilon
  3402 | D:4      | Found Zydwov's Distillery.
  3410 | D:4      | Bought a potion of heal wounds for 55 gold pieces
  3410 | D:4      | Bought a potion of degeneration for 11 gold pieces
  3410 | D:4      | Bought a potion of might for 44 gold pieces
  3417 | D:4      | Found a shimmering blue altar of Sif Muna.
  3593 | D:4      | Found a sparkling altar of Nemelex Xobeh.
  3651 | D:5      | Entered Level 5 of the Dungeon
  3659 | D:5      | Reached skill level 7 in Polearms
  3793 | D:5      | Found a staircase to the Ecumenical Temple.
  3820 | D:5      | Reached skill level 5 in Fighting
  3829 | Temple   | Entered the Ecumenical Temple
  4488 | D:5      | Reached XP level 8. HP: 58/62 MP: 8/8
  4575 | D:5      | Reached skill level 8 in Polearms
  5279 | D:5      | Found an ornate altar of the Wu Jian Council.
  5450 | D:6      | Reached *** piety under Elyvilon
  5487 | D:6      | Reached skill level 9 in Polearms
  5650 | D:6      | Reached XP level 9. HP: 56/71 MP: 9/9
  5851 | D:6      | Found a broken altar of Ashenzari.
  5920 | D:6      | Noticed ew1980's ghost (novice HuFi)
  5921 | D:6      | Found a runed translucent door.
  6106 | D:6      | Killed ew1980's ghost
  6121 | D:6      | Identified the +10 dagger of Fortitude {pain, rN+ Int+5
                  | Dex+3}
  6354 | D:7      | Reached skill level 10 in Polearms
  6532 | D:7      | Found a white marble altar of Elyvilon.
  6721 | D:7      | Found a bloodstained altar of Trog.
  6721 | D:7      | Reached **** piety under Elyvilon
  6725 | D:7      | Reached skill level 5 in Armour
  6890 | D:7      | Found a glowing golden altar of the Shining One.
  6921 | D:7      | Found a glowing silver altar of Zin.
  6921 | D:7      | Found an opulent altar of Gozag.
  6970 | D:7      | Fell from the grace of Elyvilon
  6970 | D:7      | Became a worshipper of the Shining One
  6970 | D:7      | Reached * piety under the Shining One
  6970 | D:7      | Reached ** piety under the Shining One
  7008 | D:7      | Identified the +5 mace "Death Rattle" {flame, rPois Int+5
                  | Dex-3}
  7040 | D:8      | Reached XP level 10. HP: 58/80 MP: 10/10
  7170 | D:8      | Reached skill level 10 in Dodging
  7184 | D:8      | Reached skill level 11 in Polearms
  8331 | D:8      | Found a hide-covered altar of Uskayaw.
  8331 | D:8      | Found a sacrificial altar of Ru.
  8682 | D:9      | Reached skill level 1 in Invocations
  9039 | D:9      | Reached *** piety under the Shining One
  9142 | D:9      | Found a staircase to the Orcish Mines.
  9272 | D:10     | Entered Level 10 of the Dungeon
  9651 | D:10     | Noticed Snorg
  9673 | D:10     | Killed Snorg
  9674 | D:10     | Reached skill level 12 in Polearms
  9674 | D:10     | Reached XP level 11. HP: 48/89 MP: 13/13
  9908 | D:10     | Found a shimmering altar of Xom.
 10137 | D:10     | Found a hazy altar of Hepliaklqana.
 10546 | D:11     | Noticed a four-headed hydra
 10553 | D:11     | Killed a four-headed hydra
 10587 | D:11     | Found a gate leading to a gauntlet.
 10595 | Gauntlet | Entered a Gauntlet
 10595 | Gauntlet | Found a transporter.
 10595 | Gauntlet | Found a transporter.
 10595 | Gauntlet | Found a transporter.
 10599 | Gauntlet | Found a transporter.
 10602 | Gauntlet | Noticed an eight-headed hydra
 10607 | Gauntlet | Found a transporter.
 10610 | Gauntlet | Found a transporter.
 10628 | Gauntlet | Noticed a green death
 10631 | Gauntlet | Found a transporter.
 10653 | Gauntlet | Found a transporter.
 10671 | Gauntlet | Found a transporter.
 10679 | Gauntlet | Found a transporter.
 10679 | Gauntlet | Noticed an oklob plant
 10696 | Gauntlet | Found a transporter.
 10752 | Gauntlet | Found a transporter.
 10884 | Gauntlet | Killed an eight-headed hydra
 10885 | Gauntlet | Reached skill level 10 in Fighting
 10885 | Gauntlet | Reached skill level 5 in Invocations
 10899 | Gauntlet | Reached skill level 13 in Polearms
 10907 | Gauntlet | Identified the +1 helmet of the Shoals {rElec rPois rCorr
                  | Dex-2}
 10942 | Gauntlet | Killed a green death
 10969 | Gauntlet | Identified the ring "Uffun" {Ice Str+5 Int+5 Dex+4}
 11161 | Gauntlet | Identified the +5 trident of Misery {vamp, Fly Str+2 Int+3}
 11161 | Gauntlet | Noticed a minotaur
 11180 | Gauntlet | Killed a minotaur
 11640 | D:11     | Found a staircase to the Lair.
 11652 | D:11     | Noticed a green ugly thing
 11664 | D:11     | Killed a green ugly thing
 11665 | D:11     | Reached XP level 12. HP: 81/99 MP: 16/16
 11970 | D:11     | Reached **** piety under the Shining One
 12092 | D:11     | Found a transporter.
 12092 | D:11     | Found a transporter.
 12195 | D:11     | Noticed Demosthentine's ghost (journeyman MfGl)
 12370 | D:11     | Killed Demosthentine's ghost
 12391 | D:11     | Reached skill level 14 in Polearms
 12808 | D:12     | Identified the ring "Jokh" {rF+ Dex+4}
 12829 | D:12     | Noticed a centaur warrior
 12857 | D:12     | Killed a centaur warrior
 12902 | D:12     | Mangled by a cyclops

Illustrated notes

Levels and vault maps discovered:
D:1:      minmay_arrival_up_and_down, layout_basic
D:2:      minmay_evil_eye, layout_loops_cross, basic_altar,
          ebering_ecumenical_altar_box, roderic_serpentine_path,
          lemuel_flame_loot_1, uniq_jessica
D:3:      layout_basic, st_stairs_6
D:4:      layout_rooms, nicolae_sif_muna_little_library,
          nemelex_dance_club_becter, serial_shops, shop_fountains,
          serial_bayou_lake_a, uniq_grinder
D:5:      layout_loops_cross, pdpol_wu_jian_five_deadly_venoms,
          minmay_temple_entry_offerings, st_stairs_10, kennysheep_cross_room
D:6:      layout_rooms, mainiacjoe_overflow_surrounded_room,
          ebering_ghost_inner_flame, chequers_serial_rivers_micro_b
D:7:      layout_cave_pools, grunt_temple_overflow_gold_and_silver,
          elyvilon_altar_5, mainiacjoe_overflow_cross_hatched, tso_oasis_becter,
          serial_column_ruins, column_ruins_hut_ruined,
          column_ruins_circle_medium, column_ruins_columns_straight,
          column_ruins_open_small, column_ruins_columns_straight,
          column_ruins_open_tiny, column_ruins_open_tiny, minivault_10
D:8:      layout_cave_pools, gammafunk_temple_overflow_pools
D:9:      layout_rooms, orc_0_dummy, grunt_decor_cap
D:10:     layout_irregular_city, nicolae_hepliaklqana_hippocampus,
          mainiacjoe_overflow_small_starburst, nicolae_looking_at_the_future,
          uniq_snorg
D:11:     layout_irregular_city, lair_entry_dummy, gammafunk_ghost_hive,
          gauntlet_entry_generic
D:12:     minmay_the_grid_octo_2x2 [minmay_the_grid_octo_focus,
          minmay_the_grid_octo_thin_diamonds, minmay_the_grid_octo_odd_swirl,
          minmay_the_grid_octo_prize_star], layout_rooms
Temple:   jpeg_temple_island

Skill      XL: |  1  2  3  4  5  6  7  8  9 10 11 12 |
---------------+-------------------------------------+-----
Polearms       | 5 6 7 9 10 12 13 14 | 14.4
Fighting       | 3 4 5 6 7 9 10 11 | 11.2
Armour         | 1 2 3 4 5 |  5.5
Dodging        | 5 6 7 8 9 11 12 13 | 13.4
Invocations    | 3 6 7 |  7.6
Throwing       | |  2.0

Action                   |  1- 3 |  4- 6 |  7- 9 | 10-12 || total
-------------------------+-------+-------+-------+-------++-------
Melee: Trident           |    97 |    73 |   235 |   513 ||   918
       Tailslap          |       |       |     1 |       ||     1
Throw: Throwing net      |       |       |       |     3 ||     3
       Dart              |       |       |       |     1 ||     1
  Use: Scroll            |     1 |     5 |    11 |     2 ||    19
       Potion            |       |       |     2 |     4 ||     6
 Stab: Sleeping          |     3 |     2 |     4 |       ||     9
       Distracted        |       |       |     3 |       ||     3
Armor: Leather armour    |    24 |    17 |    34 |    81 ||   156
Dodge: Dodged            |    45 |    35 |   121 |   333 ||   534

Table legend: (Time is in decaauts)
 A = Elapsed time spent in this place.
 B = Non-inter-level travel time spent in this place.
 C = Inter-level travel time spent in this place.
 D = Time resting spent in this place.
 E = Time spent auto-exploring this place.
 F = Levels seen in this place.
 G = Mean time per level.
                   A        B        C        D        E       F      G
               +--------+--------+--------+--------+--------+-----+--------+
         Total |  12516 |  11964 |    552 |    423 |   9720 |  14 |  894.0 |
       Dungeon |  11290 |  10738 |    552 |      0 |   9215 |  12 |  940.8 |
        Temple |    356 |    356 |      0 |      0 |    317 |   1 |  356.0 |
      Gauntlet |    869 |    869 |      0 |    423 |    187 |   1 |  869.0 |
               +--------+--------+--------+--------+--------+-----+--------+

Top non-repeatable levels by time:
     D:8: 1388 daAuts
    D:10: 1241 daAuts
     D:1: 1225 daAuts
     D:5: 1215 daAuts
    D:11: 1212 daAuts
     D:2: 923 daAuts
     D:3: 911 daAuts
     D:7: 873 daAuts
Gauntlet: 869 daAuts
     D:9: 828 daAuts
     D:6: 718 daAuts
     D:4: 572 daAuts
  Temple: 356 daAuts
    D:12: 179 daAuts
